 Dungeon Crawl Stone Soup version 0.30-a0-715-gdb4ae3ece1 (webtiles) character file.

Game seed: 1393322868490404389

777 warriortoast the Trooper (level 7, 0/61 HPs)
             Began as a Barachi Fighter on Jan 23, 2023.
             Killed by divine providence
             ... invoked by an orc priest
              (9 damage)
             ... on level 5 of the Dungeon on Jan 24, 2023.
             The game lasted 00:11:39 (5354 turns).

warriortoast the Trooper (Barachi Fighter)          Turns: 5354, Time: 00:11:40

Health: 0/61       AC:  6    Str: 17    XL:     7   Next: 84%
Magic:  7/7        EV:  9    Int: 10    God:
Gold:   281        SH:  5    Dex: 12    Spells: 6/6 levels left

rFire   . . .      SeeInvis .    a - +0 war axe
rCold   . . .      Faith    .    c - +1 buckler
rNeg    . . .      Spirit   .    b - +0 scale mail
rPois   .          Reflect  .    (no helmet)
rElec   .          Harm     .    (no cloak)
rCorr   .          Rampage  .    (no gloves)
Will    .....                    (no boots) Stlth
                                 (no amulet)
HPRegen 0.30/turn                (no ring)
MPRegen 0.10/turn                (no ring)

@: unable to hop, slow
A: amphibious, slowness 1, strong legs 1, +LOS
a: Hop


You were on level 5 of the Dungeon.
You visited 1 branch of the dungeon, and saw 5 of its levels.

You collected 281 gold pieces.

Inventory:

Hand Weapons
 a - a +0 war axe (weapon)
Missiles
 x - 2 boomerangs (quivered)
 y - 3 atropa-tipped darts
Armour
 b - a +0 scale mail (worn)
 c - a +1 buckler (worn)
Jewellery
 k - a +4 ring of protection
 l - a ring of protection from cold
 v - a ring of magical power
 w - a ring of protection from cold
Scrolls
 j - a scroll of immolation {unknown}
 o - 2 scrolls of enchant armour
 q - a scroll of poison {unknown}
 t - a scroll of summoning {unknown}
 u - a scroll of teleportation
 z - a scroll of identify
Potions
 e - a potion of haste {unknown}
 g - 2 potions of attraction
 h - a potion of flight
 i - 7 potions of curing
 m - 2 potions of brilliance
 n - a potion of heal wounds {unknown}
 p - a potion of magic {unknown}
 r - a potion of invisibility {unknown}
 s - 3 potions of berserk rage {unknown}


   Skills:
 + Level 7.8 Fighting
 + Level 6.6 Axes
 + Level 1.8 Throwing
 - Level 3.6 Armour
 - Level 3.2 Shields


You had 6 spell levels left.
You didn't know any spells.
Your spell library contained the following spells:

 Spells                   Type           Power      Damage    Failure   Level
 Scorch                   Fire           0%         2d5       94%         2
 Summon Guardian Golem    Hex/Summ       0%         N/A       99%         3
 Flame Wave               Conj/Fire      0%         2d4       100%        4
 Summon Forest            Summ/Tloc      0%         N/A       100%        5
 Summon Mana Viper        Hex/Summ       0%         N/A       100%        5
 Summon Cactus Giant      Summ           0%         N/A       100%        6
 Orb of Destruction       Conj           0%         9d5       100%        7
 Spellforged Servitor     Conj/Summ      0%         N/A       100%        7


Dungeon Overview and Level Annotations

Branches:
Dungeon (5/15)
 Temple: D:4-7

Altars:
Fedhas
Zin


Innate Abilities, Weirdness & Mutations

You are amphibious.
You cover ground slowly.
You can hop short distances.
You have an extended range of vision and can be seen from far away.


Message History

Something appears at your feet! You block the orc priest's attack.
You closely miss the orc priest. You closely miss the orc wizard.
You hit the orc priest.
The orc priest invokes the aid of Beogh against you.
Beogh smites you!
The orc wizard hits you with a +0 dagger.
The orc priest hits you with a +0 club.
You slash the orc priest!
You kill the orc priest!
You hit the orc priest but do no damage.
You hit the orc wizard.
The orc priest calls upon Beogh to heal the orc wizard.
The orc wizard's wounds heal themselves!
The orc wizard hits you but does no damage.
You hit the orc priest.
The orc priest is heavily wounded.
You hit the orc wizard but do no damage.
The orc priest hits you but does no damage.
The orc wizard closely misses you.
You hit the orc priest.
The orc priest is heavily wounded.
You slash the orc wizard! The orc priest barely misses you.
The orc wizard hits you but does no damage.
The orc priest mumbles some strange prayers to Beogh against you.
Beogh smites you!
* * * LOW HITPOINT WARNING * * *
You block the orc wizard's attack.
You barely miss the orc priest.
The orc priest is heavily wounded.
You hit the orc wizard. The orc priest hits you with a +0 club.
* * * LOW HITPOINT WARNING * * *
The orc wizard mumbles some strange words.
The orc wizard flickers and vanishes!
Deactivating autopickup; reactivate with Ctrl-A.
You hit the orc priest but do no damage.
The orc priest is heavily wounded.
You hit something but do no damage.
The orc priest invokes the aid of Beogh against you.
Beogh smites you!
You die...

.. #..........#...............#
.. #..#####+###...............###
..###'####..#....#############...
.......#....#....#........+....#.
.......#....#....+........#....#.
#.##.####'###....######.#..#...#.
####'###..#####......##.#########
#....#........#......#...#
#....'........'{@)...#...#
##...##.......#.o....#...#
#...##...###.#......##..#
#...##...# #.##.....#...#
#.............#(....#...#
.+.............+.....#...#
.########+######.......###
...o...#...###..(..#####
..o....#.....#.....#


You could see an orc priest.

Vanquished Creatures
  The ghost of mccafe the Magician, an amateur DEFE (D:3)
  An ogre (D:4)
  A phantom (D:5)
  A necrophage (D:5)
  A scorpion (D:4)
  2 hounds
  A jelly (D:4)
  An orc priest (D:5)
  An iguana (D:5)
  3 gnolls (D:4)
  8 adders
  An ufetubus (D:4)
  A worm (D:4)
  4 dart slugs
  5 orcs
  6 bats
  6 endoplasms
  3 giant cockroaches
  6 goblins
  9 hobgoblins
  5 quokkas
  7 ball pythons
  3 frilled lizards
  9 kobolds
  4 rats
90 creatures vanquished.

Vanquished Creatures (others)
  5 plants (D:4)
5 creatures vanquished.

Grand Total: 95 creatures vanquished

Notes
Turn   | Place    | Note
-------+----------+-------------------------------------------
     0 | D:1      | warriortoast the Barachi Fighter began the quest for the
                  | Orb.
     0 | D:1      | Reached XP level 1. HP: 18/18 MP: 1/1
   313 | D:1      | Reached skill level 4 in Fighting
   313 | D:1      | Reached XP level 2. HP: 25/25 MP: 2/2
   708 | D:1      | Reached XP level 3. HP: 31/31 MP: 3/3
  2037 | D:3      | Noticed mccafe's ghost (amateur DEFE)
  2037 | D:3      | Found a runed translucent door.
  2077 | D:3      | Reached XP level 4. HP: 24/38 MP: 4/4
  2357 | D:3      | Found a blossoming altar of Fedhas.
  2370 | D:3      | Found a glowing silver altar of Zin.
  2611 | D:3      | Reached skill level 5 in Fighting
  2780 | D:3      | Killed mccafe's ghost
  2781 | D:3      | Reached skill level 6 in Fighting
  2781 | D:3      | Reached skill level 5 in Axes
  2781 | D:3      | Reached XP level 5. HP: 30/46 MP: 5/5
  2781 | D:3      | Reached XP level 6. HP: 35/52 MP: 6/6
  4012 | D:4      | Reached skill level 7 in Fighting
  4012 | D:4      | Reached XP level 7. HP: 24/60 MP: 7/7
  4543 | D:5      | Entered Level 5 of the Dungeon
  4877 | D:5      | Reached skill level 1 in Throwing
  5348 | D:5      | Identified a scroll of acquirement
  5348 | D:5      | Acquired 1077 gold pieces
  5354 | D:5      | Killed from afar by an orc priest

Illustrated notes

Levels and vault maps discovered:
D:1:      dpeg_arrival_signposts, layout_basic, minmay_tromino_mix6
D:2:      layout_basic, chequers_serial_rivers_micro_e, hangedman_decor_points
D:3:      layout_rooms, mainiacjoe_overflow_large_starburst,
          hellmonk_ghost_happy_afterlife
D:4:      layout_gridville, chequers_serial_rivers_room_a, grunt_ministairs_9,
          chequers_big_river, palyth_stone_intersect,
          hangedman_decor_clover_reticule, minmay_fractal_squares_gapless_5
D:5:      layout_gridville

Skill      XL: |  1  2  3  4  5  6  7 |
---------------+----------------------+-----
Fighting       | 4 6 7 |  7.8
Axes           | 3 5 6 |  6.6
Throwing       | 1 |  1.8
Armour         | |  3.6
Shields        | |  3.2

Action                     |  1- 3 |  4- 6 |  7- 9 || total
---------------------------+-------+-------+-------++-------
  Melee: War axe           |    89 |   131 |    65 ||   285
  Throw: Dart              |       |     7 |     5 ||    12
         Boomerang         |       |       |     1 ||     1
Ability: Hop               |     1 |     4 |     1 ||     6
    Use: Potion            |       |     1 |       ||     1
         Scroll            |       |     6 |     1 ||     7
 Armour: Scale mail        |    48 |    48 |    19 ||   115
  Dodge: Dodged            |    31 |    54 |    20 ||   105
  Block: Buckler           |    18 |    23 |    23 ||    64

Table legend: (Time is in decaauts)
 A = Elapsed time spent in this place.
 B = Non-inter-level travel time spent in this place.
 C = Inter-level travel time spent in this place.
 D = Time resting spent in this place.
 E = Time spent auto-exploring this place.
 F = Levels seen in this place.
 G = Mean time per level.
                   A        B        C        D        E       F      G
               +--------+--------+--------+--------+--------+-----+--------+
         Total |   6045 |   5865 |    180 |   1552 |   3425 |   5 | 1209.0 |
       Dungeon |   6045 |   5865 |    180 |   1552 |   3425 |   5 | 1209.0 |
               +--------+--------+--------+--------+--------+-----+--------+

Top non-repeatable levels by time:
     D:4: 1764 daAuts
     D:1: 1290 daAuts
     D:2: 1084 daAuts
     D:3: 1053 daAuts
     D:5: 853 daAuts
